 Dungeon Crawl Stone Soup version bcrawl-1.20 (webtiles) character file.

Game seed: 10396426966291102237

9 Bnni the Sneak (level 2, -1/24 HPs)
             Began as an Oni Sloth Apostle on Jan 20, 2020.
             Was an Initiate of Cheibriados.
             Slain by a hobgoblin
             ... wielding a +0 club
              (2 damage)
             ... on level 1 of the Dungeon.
             The game lasted 00:01:40 (388 turns).

Bnni the Sneak (Oni Sloth Apostle)                   Turns: 388, Time: 00:01:41

Health: -1/24      AC:  2    Str: 16    XL:     2   Next: 16%
Magic:  5/5        EV: 11    Int: 14    God:    Cheibriados [......]
Gold:   57         SH:  2    Dex: 11    Spells: 2/3 levels left

rFire    . . .     SeeInvis .   h - +0 whip (curse)
rCold    . . .     Gourm    .   (no shield)
rNeg     . . .     Faith    .   b - +0 animal skin
rPois    .         Spirit   .   (helmet restricted)
rElec    .         Reflect  +   (no cloak)
rCorr    .         Harm     .   (no gloves)
MR       .....                  (no boots)
Stlth    ++........             i - +2 amulet of reflection
HPRegen  0.08/turn              (no ring)
MPRegen  0.09/turn              (no ring)

@: slow
A: oni magic, claws 1, fangs 1, horns 1
a: Bend Time, Renounce Religion


You were on level 1 of the Dungeon.
You worshipped Cheibriados.
Cheibriados was noncommittal.
You were not hungry.

You visited 1 branch of the dungeon, and saw 1 of its levels.

You collected 57 gold pieces.

Inventory:

Hand Weapons
 a - a +0 mace
 h - a cursed +0 whip (weapon)
Armour
 b - a +0 animal skin (worn)
 c - a +0 shield
 j - a +0 buckler
Jewellery
 i - a +2 amulet of reflection (around neck)
Wands
 d - a wand of paralysis (10)
Scrolls
 f - a scroll of fog {unknown}
 g - a scroll of amnesia {unknown}
Comestibles
 e - 5 rations {!d}


   Skills:
 + Level 2.1 Fighting
 * Level 2.6 Maces & Flails
 + Level 2.8 Stealth
 - Level 1.7 Shields
 - Level 1.0 Spellcasting
   Level 1.0 Conjurations
   Level 1.0 Hexes
   Level 1.0 Charms
   Level 1.0 Summonings
   Level 1.0 Necromancy
   Level 1.0 Translocations
   Level 1.0 Transmutations
   Level 1.0 Fire Magic
   Level 1.0 Ice Magic
   Level 1.0 Air Magic
   Level 1.0 Earth Magic
   Level 1.0 Poison Magic
 + Level 1.2 Evocations


You had 2 spell levels left.
You knew the following spells:

 Your Spells              Type           Power        Failure   Level  Hunger
a - Slow                  Hex            #.......     17%         1    ##.....

Your spell library contained the following spells:

 Spells                   Type           Power        Failure   Level  Hunger
 Pain                     Necr           #.....       17%         1    ##.....


Dungeon Overview and Level Annotations

Branches:
Dungeon (1/12)

Altars:


Innate Abilities, Weirdness & Mutations

You learn spells by gaining experience, not through books or religion.
You only train spellcasting to practice magic.
You have sharp fingernails.
You have very sharp teeth.
You have a pair of small horns on your head.


Message History

You hit the dart slug but do no damage. You headbutt the dart slug.
You bite the dart slug, but do no damage.
The dart slug is severely wounded.
The dart slug launches a dart at you. The slug dart hits you!
* * * LOW HITPOINT WARNING * * *
The hobgoblin hits you with a +0 club.
* * * LOW HITPOINT WARNING * * *
You hit the dart slug but do no damage.
You bite the dart slug, but do no damage.
The dart slug is severely wounded.
You aren't carrying any potions.
You hit the dart slug.
The dart slug is severely wounded.
The hobgoblin closely misses you. The dart slug bites you.
* * * LOW HITPOINT WARNING * * *
You hit the dart slug.
You kill the dart slug!
The hobgoblin hits you with a +0 club.
You die...

.#....#...#
##..#####
.#....#...#
#.......#
##...##...#
#.......#
#....#....#
#.......#
....##...##
##..#####
...##....#
#...#
.###....##
##..#
##.....##
#..##
......##
#@).#
...####
##g.# ####
..... #
......#
..$...#
.[....#
#..#### ..#


You could see a hobgoblin.

Vanquished Creatures
  An ooze (D:1)
  A dart slug (D:1)
  A ball python (D:1)
  A kobold (D:1)
  A rat (D:1)
5 creatures vanquished.

Notes
Turn   | Place    | Note
-------+----------+-------------------------------------------
     0 | D:1      | Bnni the Oni Sloth Apostle began the quest for the Orb.
     0 | D:1      | Reached XP level 1. HP: 17/17 MP: 4/4
   381 | D:1      | Reached XP level 2. HP: 15/24 MP: 5/5
   387 | D:1      | HP: 1/24 [dart slug (2)]
   388 | D:1      | Slain by a hobgoblin

Action                   || total
-------------------------++-------
Melee: Whip              ||    18
       Headbutt          ||     5
       Bite              ||     4
 Stab: Sleeping          ||     1
Armor: Animal skin       ||     1
Dodge: Dodged            ||    12
Block: Other             ||     1
